 Dungeon Crawl Stone Soup version 0.30.1-4-g462c640d31 (webtiles) character file.

Game seed: 2456294694587065590

151 rvierbuc the Stinger (level 4, -4/35 HPs)
             Began as a Demigod Venom Mage on Aug 20, 2023.
             Killed from afar by Natasha (8 damage)
             ... with a magic dart
             ... on level 3 of the Dungeon.
             The game lasted 00:11:44 (2472 turns).

rvierbuc the Stinger (Demigod Venom Mage)           Turns: 2472, Time: 00:11:47

Health: -4/35      AC:  3    Str:  9    XL:     4   Next: 85%
Magic:  8/10       EV: 17    Int: 21    God:
Gold:   109        SH:  0    Dex: 14    Spells: 7/8 levels left

rFire   . . .        g - +0 short sword
rCold   . . .        (no shield)
rNeg    . . .        a - +0 robe
rPois   .            (no helmet)
rElec   .            (no cloak)
rCorr   .            (no gloves)
SInv    .            j - +0 pair of boots
Will    .....        (no amulet)
Stlth   ++           o - +5 ring of evasion
HPRegen 0.25/turn    (no ring)
MPRegen 0.12/turn

%: no passive effects
@: no status effects
A: high MP 1, forlorn, divine attributes
a: no special abilities


You were on level 3 of the Dungeon.
You visited 1 branch of the dungeon, and saw 3 of its levels.

You collected 109 gold pieces.

Inventory:

Hand Weapons
 g - a +0 short sword (weapon)
 r - a +0 war axe
 y - a +4 dagger
Missiles
 h - 16 stones
 k - 11 poisoned darts
 z - 5 atropa-tipped darts
Armour
 a - a +0 robe (worn)
 j - a +0 pair of boots (worn)
 u - a +0 pair of boots
 w - a +3 scale mail of poison resistance
Jewellery
 o - a +5 ring of evasion (left hand)
Scrolls
 d - a scroll of noise {unknown}
 e - 2 scrolls of fog {unknown}
 l - 2 scrolls of fear {unknown}
 n - 2 scrolls of teleportation {unknown}
 p - 3 scrolls of enchant armour {unknown}
 q - 4 scrolls of identify {unknown}
 s - 2 scrolls of vulnerability {unknown}
 t - a scroll of amnesia {unknown}
 x - a scroll of enchant weapon {unknown}
Potions
 b - a potion of magic
 c - 5 potions of curing {unknown}
 f - a potion of attraction {unknown}
 i - 2 potions of heal wounds {unknown}
 m - 2 potions of invisibility {unknown}
 v - 2 potions of degeneration {unknown}


   Skills:
 + Level 1.0 Fighting
 + Level 1.9 Short Blades
 + Level 2.3 Dodging
 + Level 1.9 Stealth
 + Level 2.7 Spellcasting
 + Level 1.5 Transmutations
 + Level 3.2 Poison Magic


You had 7 spell levels left.
You knew the following spells:

 Your Spells              Type           Power      Damage    Failure   Level
a - Sting                 Tmut/Pois      52%        1d5       4%          1

Your spell library contained the following spells:

 Spells                   Type           Power      Damage    Failure   Level
 Poisonous Vapours        Pois/Air       18%        N/A       11%         2
 Passwall                 Tmut/Erth      5%         N/A       16%         2
 Ensorcelled Hibernation  Hex/Ice        4%         N/A       21%         2
 Mephitic Cloud           Conj/Pois/Air  7%         N/A       26%         3
 Olgreb's Toxic Radiance  Pois           16%        N/A       34%         4
 Swiftness                Air            2%         N/A       38%         3
 Summon Lightning Spire   Summ/Air       2%         N/A       80%         4
 Storm Form               Tmut/Air       3%         N/A       100%        7
 Maxwell's Capacitive Co  Air            1%         ∞         100%        8


Dungeon Overview and Level Annotations

Branches:
Dungeon (3/15)

Annotations:
D:3 Natasha


Innate Abilities, Weirdness & Mutations

You have an increased reservoir of magic. (+10% MP)
You shall have no god before yourself.
Your divine heritage dramatically boosts your attributes as you level up.


Message History

Natasha casts a spell.
You closely miss Natasha. Natasha claws you.
You closely miss Natasha.
The cerulean imp hits you from afar with a +2 spear.
Natasha closely misses you.
You closely miss Natasha.
The cerulean imp hits you from afar with a +2 spear.
Natasha claws you.
Casting: Sting (safe; 4% risk of failure)
Confirm with . or Enter, or press ? or * to list all spells.
Aiming: Sting (safe; 4% risk of failure)
Press: ? - help, Shift-Dir - straight line, f - Natasha
Aim: Natasha (64% to hit)
The sting hits Natasha.
Natasha is poisoned.
Natasha is moderately wounded.
The cerulean imp completely misses you. Natasha closely misses you.
Casting: Sting (safe; 4% risk of failure)
Confirm with . or Enter, or press ? or * to list all spells.
Aiming: Sting (safe; 4% risk of failure)
Press: ? - help, Shift-Dir - straight line, f/p - Natasha
Aim: Natasha (moderately wounded, poisoned, 64% to hit)
The sting misses Natasha.
The sting hits the cerulean imp.
The cerulean imp partially resists.
The cerulean imp is lightly wounded.
The cerulean imp barely misses you. Natasha misses you.
You hit Natasha but do no damage.
Natasha is heavily wounded.
The cerulean imp hits you from afar with a +2 spear!
Natasha claws you.
* * * LOW HITPOINT WARNING * * *
You hit Natasha but do no damage.
Natasha is heavily wounded.
The cerulean imp misses you. Natasha closely misses you.
You barely miss Natasha.
Natasha is severely wounded.
The cerulean imp hits you from afar with a +2 spear.
* * * LOW HITPOINT WARNING * * *
Natasha casts a spell at you. The magic dart hits you!
You die...

........ #.##
######.. #.# # #..#
#.# # #..# #.# #
#..# #.# # #..# ####
#.# # #..# #5. #.#
#..# #h# #.#
######..# #@# #.#
.......)#
#.#############.#
###.##>.#
#...............#
.....##.#####
#.###############
.##....#....# ##.##
.##.###.###.###.#.##
.##.# #.# #....###.#
.##.###.#######.#.##
<.†......# ##.##


You could see Natasha (poisoned) and a cerulean imp (summoned).

Vanquished Creatures
  A hound (D:2)
  Natasha (D:3)
  2 adders (D:2)
  A shadow imp (D:3)
  2 worms (D:2)
  2 dart slugs
  5 ball pythons
  5 bats
  An endoplasm (D:2)
  4 giant cockroaches
  8 goblins
  7 hobgoblins
  3 jackals (D:1)
  2 quokkas
  2 frilled lizards
  7 kobolds
  3 rats
56 creatures vanquished.

Notes
Turn   | Place    | Note
-------+----------+-------------------------------------------
     0 | D:1      | rvierbuc the Demigod Venom Mage began the quest for the
                  | Orb.
     0 | D:1      | Reached XP level 1. HP: 14/14 MP: 5/5
   270 | D:1      | Reached skill level 3 in Poison Magic
   272 | D:1      | Reached XP level 2. HP: 19/20 MP: 1/7
   278 | D:1      | Reached skill level 1 in Transmutations
  1047 | D:2      | Reached XP level 3. HP: 26/26 MP: 7/9
  1307 | D:2      | Reached skill level 1 in Short Blades
  1437 | D:2      | Reached XP level 4. HP: 22/34 MP: 8/10
  2126 | D:3      | Noticed Natasha
  2132 | D:3      | Killed Natasha
  2441 | D:3      | Reached skill level 1 in Fighting
  2462 | D:3      | Noticed Natasha
  2472 | D:3      | Killed from afar by Natasha

Illustrated notes

Levels and vault maps discovered:
D:1:      nzn_arrival_water_spiral, layout_loops_ring,
          shapermc_ecumenical_altar_petra
D:2:      layout_basic
D:3:      layout_loops_ring, mainiacjoe_overflow_small_starburst, uniq_natasha

Skill      XL: |  1  2  3  4 |
---------------+-------------+-----
Spellcasting   | 2 |  2.7
Poison Magic   | 3 |  3.2
Transmutations | 1 |  1.5
Dodging        | 2 |  2.3
Short Blades   | 1 |  1.9
Fighting       | 1 |  1.0
Stealth        | |  1.9

Action                     |  1- 3 |  4- 6 || total
---------------------------+-------+-------++-------
  Melee: Short sword       |   130 |    67 ||   197
   Cast: Sting             |    36 |    14 ||    50
   Stab: Sleeping          |     3 |       ||     3
 Armour: Robe              |    21 |     6 ||    27
  Dodge: Dodged            |   119 |    72 ||   191
